 Dungeon Crawl Stone Soup version 0.28-a0-1624-g820543e53a (webtiles) character file.

Game seed: 14075475107288352732

1 cheechan the Scratcher (level 1, 0/10 HPs)
             Began as a Felid Cinder Acolyte on Jan 23, 2022.
             Was a High Priest of Ignis.
             Slain by a rat (2 damage)
             ... on level 1 of the Dungeon.
             The game lasted 00:00:27 (44 turns).

cheechan the Scratcher (Felid Cinder Acolyte)         Turns: 44, Time: 00:00:28

Health: 0/10       AC:  1    Str: 10    XL:     1   Next: 16%
Magic:  3/3        EV: 15    Int: 15    God:    Ignis [*****.]
Gold:   5          SH:  0    Dex: 11    Spells: 2/2 levels left
                                        Lives:  0   Deaths: 0

rFire   + . .      SeeInvis +     - Unarmed
rCold   . . .      Faith    .   (shield unavailable)
rNeg    . . .      Spirit   .   (armour unavailable)
rPois   .          Reflect  .   (helmet unavailable)
rElec   .          Harm     .   (cloak unavailable)
rCorr   .          Rampage  .   (gloves unavailable)
Will    .....                   (boots unavailable)
Stlth   +.........              (no amulet)
HPRegen 0.03/turn               (no ring)
MPRegen 0.08/turn               (no ring)

@: quick
A: very small, claws 1, fangs 3, see invisible, speed 1, shaggy fur 1, stealthy
paws, no weapons or thrown items, no armour, multi-lived
a: Renounce Religion, Fiery Armour, Foxfire Swarm, Rising Flame


You were on level 1 of the Dungeon.
You worshipped Ignis.
Ignis was extremely pleased with you.
You visited 1 branch of the dungeon, and saw 1 of its levels.

You collected 5 gold pieces.

Inventory:

Potions
 a - a potion of curing {unknown}


   Skills:
 + Level 3.0 Fighting
 + Level 3.1 Unarmed Combat
 + Level 1.0 Spellcasting
 + Level 2.6 Fire Magic


You had 2 spell levels left.
You didn't know any spells.
Your spell library contained the following spells:

 Spells                   Type           Power      Damage    Failure   Level
 Scorch                   Fire           16%        2d5       12%         2


Dungeon Overview and Level Annotations

Branches:
Dungeon (1/15)

Altars:


Innate Abilities, Weirdness & Mutations

You have sharp claws.
You have razor-sharp teeth.
You have supernaturally acute eyesight. (SInv)
You cover ground quickly. (Speed+)
You are covered in fur. (AC +1)
Your paws help you pounce on unaware monsters.
You are incapable of wielding weapons or throwing items.
You cannot wear armour.
You gain extra lives every three experience levels.


Message History

Welcome, cheechan the Felid Cinder Acolyte.
You feel drawn to the Orb of Zot, downwards into the unfathomable depths...
The flames of Ignis gently warm you.
Press ? for a list of commands and other information.
Found 25 bolts.
Found a staircase leading out of the dungeon.
Found a brown potion.
A hobgoblin comes into view.
The hobgoblin shouts!
You don't know any spells.
Okay, then.
Okay, then.
You don't know any spells.
Unknown command.
Found an escape hatch in the floor.
Found 5 gold pieces.
The hobgoblin hits you.
You scratch the hobgoblin.
The hobgoblin is moderately wounded.
The hobgoblin hits you.
Ouch! That really hurt!
* * * LOW HITPOINT WARNING * * *
You scratch the hobgoblin.
You kill the hobgoblin!
a - a brown potion You now have 5 gold pieces.
A rat comes into view.
Okay, then.
Annotate which branch? (. - D:1, ? - help, ! - show branch list)
Okay, then.
Welcome back, cheechan the Felid Cinder Acolyte.
The flames of Ignis gently warm you.
Press ? for a list of commands and other information.
You barely miss the rat. The rat closely misses you.
You scratch the rat but do no damage. The rat closely misses you.
You closely miss the rat. You bite the rat, but do no damage.
The rat bites you.
You die...

.### ... ###### ..#
#....# ..#
#########....# ..#
.......r@....##..#
..########.#.....##...
#.....................
...............#..#...
...............# .#
#.......#......# #
##.....###.....#
#.......#....###
.............#


You could see a rat.

Vanquished Creatures
  A hobgoblin (D:1)
1 creature vanquished.

Notes
Turn   | Place    | Note
-------+----------+-------------------------------------------
     0 | D:1      | cheechan the Felid Cinder Acolyte began the quest for the
                  | Orb.
     0 | D:1      | Reached XP level 1. HP: 10/10 MP: 3/3
    44 | D:1      | Slain by a rat

Illustrated notes

Levels and vault maps discovered:
D:1:      minmay_arrival_five_plusses, layout_basic,
          hellmonk_ecumenical_altar_watching_god

Action                   || total
-------------------------++-------
Melee: Unarmed           ||     5
       Bite              ||     1
Dodge: Dodged            ||     2

Table legend: (Time is in decaauts)
 A = Elapsed time spent in this place.
 B = Non-inter-level travel time spent in this place.
 C = Inter-level travel time spent in this place.
 D = Time resting spent in this place.
 E = Time spent auto-exploring this place.
 F = Levels seen in this place.
 G = Mean time per level.
                   A        B        C        D        E       F      G
               +--------+--------+--------+--------+--------+-----+--------+
         Total |     36 |     36 |      0 |      0 |      0 |   1 |   36.0 |
       Dungeon |     36 |     36 |      0 |      0 |      0 |   1 |   36.0 |
               +--------+--------+--------+--------+--------+-----+--------+

Top non-repeatable levels by time:
     D:1: 36 daAuts
